Map: Dreamcatcher LE

Players

mhaley - Winner!

  • Race: Protoss Protoss
  • League: Gold
  • Spawn Location: 5:00

Mixen

  • Race: Protoss Protoss
  • League: Gold
  • Spawn Location: 11:00

VOD

Have the link to the VOD?

Description

Some major BM at the end of one of my best games ever played.
#dontrainonmyparade

Time

  • Played on: May 22, 2018, 12:54 a.m.
  • Length: 10:18
Show
View Real Time Build Order
Export as new Build Order

mhaley Protoss - Winner!

Build Orders: 1 Gate Expand, Zealot Archon, Dark Templar Rush 

Get SALT Encoding   

  12  0:00  Probe  
  13  0:13  Probe  
  14  0:25  Pylon  
  14  0:26  Probe  
  15  0:45  Gateway, Probe  
  16  0:53  Assimilator  
  16  0:54  Probe  
  16  1:03  Probe  
  18  1:15  Probe  
  19  1:27  Probe  
  20  1:33  Nexus  
  20  1:35  Probe  
  21  1:48  Assimilator  
  21  1:51  Cybernetics Core  
  21  2:16  Pylon, Probe  
  22  2:24  Probe  
  22  2:29  Warp Gate  
  23  2:30  Adept  
  23  2:34  Probe  
  26  2:46  Probe  
  27  2:51  Adept  
  27  2:55  Twilight Council  
  27  2:58  Probe  
  30  3:02  Gateway  
  30  3:10  Probe  
  30  3:25  Adept  
  32  3:38  Dark Shrine  
  32  3:43  Probe  
  32  3:44  Robotics Facility  
  32  3:47  Pylon  
  33  3:55  Probe  
  34  4:09  Probe  
  35  4:21  Probe  
  36  4:33  Probe  
  36  4:34  Warp Prism  
  40  4:45  Probe  
  40  4:56  Gateway  
  40  4:57  Gateway, Probe  
  36  5:09  Probe  
  36  5:12  Stalker x2  
  34  5:19  Probe  
  33  5:22  Probe  
  33  5:27  Probe  
  35  5:32  Immortal  
  35  5:34  Probe  
  41  5:37  Probe  
  42  5:46  Probe  
  42  5:47  Dark Templar x2  
  47  6:11  Probe  
  48  6:15  Observer  
  48  6:16  Assimilator  
  49  6:23  Probe  
  49  6:25  Dark Templar  
  52  6:30  Dark Templar  
  54  7:11  Probe  
  53  7:25  Archon  
  53  7:34  Probe  
  54  7:44  Pylon  
  54  7:48  Pylon  
  54  8:01  Probe  
  53  8:13  Probe  
  54  8:21  Charge  
  54  8:25  Probe  
  54  8:26  Zealot x3  
  54  8:27  Zealot, Immortal  
  63  8:35  Assimilator  
  63  8:37  Probe  
  66  9:02  Stalker  
  66  9:03  Stalker  
  70  9:42  Pylon x2  
  70  9:45  Pylon, Forge x2  
  70  9:56  Probe  
Show
View Real Time Build Order
Export as new Build Order

Mixen Protoss 

Build Orders: Oracle Opening 

Get SALT Encoding   

  12  0:03  Probe  
  13  0:15  Probe  
  14  0:22  Pylon  
  14  0:27  Probe  
  15  0:43  Gateway  
  15  0:46  Probe  
  15  0:47  Assimilator  
  16  1:02  Assimilator  
  16  1:04  Probe  
  17  1:16  Probe  
  18  1:28  Probe  
  18  1:32  Cybernetics Core  
  19  1:44  Probe  
  20  1:52  Gateway  
  20  1:56  Probe  
  20  1:58  Pylon  
  21  2:13  Adept  
  23  2:22  Stargate, Probe  
  24  2:34  Probe  
  25  2:44  Adept x2  
  29  2:46  Probe  
  30  2:52  Forge  
  30  2:58  Probe  
  31  3:38  Pylon  
  31  3:48  Nexus  
  31  3:54  Photon Cannon  
  31  3:56  Oracle  
  34  4:07  Pylon  
  33  4:22  Robotics Facility  
  30  4:40  Oracle  
  30  4:43  Warp Gate  
  33  4:54  Probe  
  34  5:07  Probe  
  34  5:36  Gateway  
  34  5:38  Gateway  
  34  5:39  Gateway  
  36  6:09  Pylon  
  36  6:13  Pylon  
  31  6:41  Pylon, Photon Cannon  
  23  7:31  Pylon  
  23  7:33  Pylon  
  23  7:36  Phoenix  
  23  8:11  Probe  
  22  8:23  Probe  
  22  9:15  Probe  
  19  9:27  Probe  
Tags
 
Add a new tag
Caveats
  • Supply blocks, unpowered buildings, or Contaminate may cause inaccurate times.
  • Supply counts are checked every 10 seconds.